 Dungeon Crawl Stone Soup version 0.18.1-50-g88ac8fd (webtiles) character file.

1946 CplKlinger the Fighter (level 8, -6/79 HPs)
             Began as a Minotaur Fighter on Oct 17, 2016.
             Was a Priest of Okawaru.
             Mangled by Duvessa
             ... wielding a +4 short sword of freezing
              (13 damage)
             ... on level 6 of the Dungeon.
             The game lasted 00:12:53 (5406 turns).

CplKlinger the Fighter (Minotaur Fighter)           Turns: 5406, Time: 00:12:54

Health: -6/79      AC:  7    Str: 20    XL:     8   Next: 98%
Magic:  16/16      EV:  8    Int:  5    God:    Okawaru [***...]
Gold:   417        SH: 11    Dex: 13    Spells: 0 memorised, 7 levels left

rFire  . . .     SeeInvis .     o - +8 dagger of the Penguin {pierce, rC+}
rCold  + . .     Gourm    .     p - +0 scale mail
rNeg   . . .     Faith    .     c - +0 shield
rPois  .         Spirit   .     (helmet restricted)
rElec  .         Dismiss  .     (no cloak)
rCorr  .         Reflect  .     (no gloves)
SustAt .         Harm     .     (no boots)
MR     .....                    (no amulet)
Stlth  ..........               q - ring of flight
                                f - ring of magical power

@: not resistant to hostile enchantments, extremely unstealthy
A: retaliatory headbutt, horns 2
a: Heroism, Renounce Religion, Evoke Flight


You were on level 6 of the Dungeon.
You worshipped Okawaru.
Okawaru was most pleased with you.
You were not hungry.

You visited 2 branches of the dungeon, and saw 7 of its levels.

You collected 417 gold pieces.

Inventory:

Hand Weapons
 a - a +0 long sword
 o - the +8 dagger of the Penguin (weapon) {pierce, rC+}
   (You found it on level 4 of the Dungeon)

   It inflicts extra damage upon your enemies.
   It protects you from cold.
Missiles
 i - 12 bolts
Armour
 c - a +0 shield (worn)
 p - a +0 scale mail (worn)
Jewellery
 f - a ring of magical power (left hand)
 q - a ring of flight (right hand)
Scrolls
 j - 2 scrolls of remove curse
 k - 9 scrolls of teleportation
 m - a scroll of identify
 n - a scroll of fear
Potions
 b - a potion of flight {unknown}
 d - a potion of might
 e - a potion of resistance
 h - 3 potions of curing
 r - a potion of cancellation {unknown}
Comestibles
 g - a beef jerky
 l - 2 meat rations


   Skills:
 * Level 9.7 Fighting
 + Level 6.6 Long Blades
 + Level 7.1 Armour
 - Level 0.2 Dodging
 + Level 7.1 Shields


You had 7 spell levels left.
You didn't know any spells.

Dungeon Overview and Level Annotations

Branches:
Dungeon (6/15)             Temple (1/1) D:5

Altars:
Cheibriados
Elyvilon
Gozag
Okawaru
Pakellas
Qazlal
Sif Muna
Trog
Vehumet
Xom
The Shining One
Lugonu

Annotations:
D:6 Duvessa


Innate Abilities, Weirdness & Mutations

You reflexively headbutt those who attack you in melee.
You have a pair of horns on your head.


Message History

Okawaru accepts your kill.
You hear a distant scream of rage.
Things that are here:
a dagger of electrocution; a robe Duvessa, Sister of Dowan comes into view.
She is wielding a short sword of freezing.
Duvessa shouts!
Duvessa goes berserk!
Duvessa hits you with a short sword of freezing!
Duvessa freezes you.
* * * LOW HITPOINT WARNING * * *
Duvessa hits you with a short sword of freezing.
* * * LOW HITPOINT WARNING * * *
Duvessa barely misses you.
Duvessa hits you with a short sword of freezing!
* * * LOW HITPOINT WARNING * * *
Duvessa freezes you.
* * * LOW HITPOINT WARNING * * *
You block Duvessa's attack.
Duvessa hits you with a short sword of freezing!
You die...

##.#.## #.#
######...... #.#
#.......#... #.#
#...###.....
#.#.##.###.##.####
##.#.#.# ##.#.# #
(..#...# #.#.# #
#e....## ##...# #.
#@####.###.##.# #.
#.†...........# ..
#######..#######.
#..# #..# #<.#
#..#######..
#..#........
#..#.#####..


You could see Duvessa (berserk).

Vanquished Creatures
  Sigmund (D:6)
  The ghost of Aguirre the Skirmisher, an amateur MiMo (D:5)
  A sky beast (D:5)
  An ice beast (D:6)
  The ghost of Wiilli the Skirmisher, an amateur CeFi (D:3)
  2 ogres
  4 big kobolds (D:5)
  A gnoll sergeant (D:5)
  A scorpion (D:5)
  Dowan (D:6)
  An oklob sapling (D:5)
  A giant frog zombie (D:5)
  2 quasits (D:5)
  A hound (D:5)
  2 orc priests
  2 iguanas
  Natasha (thrice) (D:4)
  Terence (D:3)
  3 worker ants
  8 gnolls (D:5)
  8 adders
  A shadow imp (D:5)
  2 oozes
  A worm (D:2)
  A giant gecko (D:6)
  9 orcs
  2 bats (D:1)
  6 giant cockroaches
  35 goblins
  29 hobgoblins
  14 jackals
  3 quokkas
  4 ball pythons
  3 giant newts (D:3)
  8 kobolds
  9 rats
  A plant (D:5)
174 creatures vanquished.

Notes
Turn   | Place    | Note
--------------------------------------------------------------
     0 | D:1      | CplKlinger the Minotaur Fighter began the quest for the Orb.
     0 | D:1      | Reached XP level 1. HP: 19/19 MP: 0/0
   278 | D:1      | Reached XP level 2. HP: 27/27 MP: 1/1
   280 | D:1      | Reached skill level 4 in Fighting
  1080 | D:2      | Found an opulent altar of Gozag.
  1158 | D:2      | Found a radiant altar of Vehumet.
  1256 | D:2      | Reached XP level 3. HP: 31/34 MP: 2/2
  1504 | D:2      | Found an oddly glowing altar of Pakellas.
  1504 | D:2      | Found a bloodstained altar of Trog.
  1508 | D:2      | Found a glowing golden altar of the Shining One.
  1510 | D:2      | Found a white marble altar of Elyvilon.
  1716 | D:3      | Noticed Terence
  1721 | D:3      | Killed Terence
  1721 | D:3      | Reached XP level 4. HP: 38/41 MP: 3/3
  1762 | D:3      | Reached skill level 5 in Fighting
  1930 | D:3      | Found an iron altar of Okawaru.
  1961 | D:3      | Noticed Wiilli's ghost (amateur CeFi)
  1974 | D:3      | Killed Wiilli's ghost
  1974 | D:3      | Reached XP level 5. HP: 13/49 MP: 4/4
  2250 | D:3      | Became a worshipper of Warmaster Okawaru
  2694 | D:4      | Got a crystal dagger
  2695 | D:4      | Identified the +8 dagger of the Penguin {pierce, rC+} (You found it on level 4 of the Dungeon)
  2839 | D:4      | Reached skill level 6 in Fighting
  2839 | D:4      | Reached XP level 6. HP: 49/57 MP: 5/5
  2894 | D:4      | Reached skill level 5 in Armour
  3051 | D:4      | Reached * piety under Okawaru
  3329 | D:4      | Noticed Natasha
  3335 | D:4      | Killed Natasha
  3395 | D:4      | Noticed Natasha
  3399 | D:4      | Killed Natasha
  3399 | D:4      | Reached skill level 5 in Shields
  3543 | D:4      | Noticed Natasha
  3551 | D:4      | Killed Natasha
  3554 | D:5      | Entered Level 5 of the Dungeon
  3566 | D:5      | Reached XP level 7. HP: 55/64 MP: 6/6
  3658 | D:5      | Reached skill level 7 in Fighting
  3739 | D:5      | Reached skill level 5 in Long Blades
  3748 | D:5      | Noticed Aguirre's ghost (amateur MiMo)
  3758 | D:5      | Killed Aguirre's ghost
  3758 | D:5      | Reached ** piety under Okawaru
  3819 | D:5      | Reached skill level 8 in Fighting
  3819 | D:5      | Reached XP level 8. HP: 19/74 MP: 7/7
  4646 | D:5      | Found a staircase to the Ecumenical Temple.
  4687 | D:5      | Reached skill level 9 in Fighting
  4708 | Temple   | Entered the Ecumenical Temple
  5260 | D:6      | Noticed Sigmund
  5271 | D:6      | Killed Sigmund
  5331 | D:6      | Reached *** piety under Okawaru
  5350 | D:6      | Noticed Dowan
  5369 | D:6      | Killed Dowan
  5403 | D:6      | Noticed Duvessa
  5406 | D:6      | Mangled by Duvessa

Skill      XL: |  1  2  3  4  5  6  7  8 |
---------------+-------------------------+-----
Fighting       | 4 5 6 8 9 |  9.7
Armour         | 4 5 6 7 |  7.1
Long Blades    | 3 4 5 6 |  6.6
Shields        | 4 5 6 7 |  7.1
Dodging        | |  0.2

Action                   |  1- 3 |  4- 6 |  7- 9 || total
-------------------------+-------+-------+-------++-------
Melee: Long sword        |    79 |    76 |       ||   155
       Headbutt          |    11 |    27 |    43 ||    81
       Dagger            |       |    42 |   256 ||   298
  Use: Scroll            |       |     9 |       ||     9
       Potion            |       |       |     3 ||     3
  Eat: Bread ration      |     1 |       |     1 ||     2
       Pizza             |       |     2 |       ||     2
       Fruit             |       |       |     3 ||     3
Armor: Scale mail        |    26 |    66 |    93 ||   185
Dodge: Dodged            |    26 |    44 |    99 ||   169
Block: Shield            |    44 |    80 |   147 ||   271
